 Dungeon Crawl Stone Soup version 0.28-a0-479-g5baa6b73be (webtiles) character file.

Game seed: 15263564137251369645

414 heikuro the Grave Robber (level 6, 0/32 HPs)
             Began as a Deep Elf Necromancer on Sept 17, 2021.
             Was an Initiate of Sif Muna.
             Succumbed to a scorpion's poison
             ... on level 4 of the Dungeon.
             The game lasted 00:15:39 (6293 turns).

heikuro the Grave Robber (Deep Elf Necromancer)     Turns: 6293, Time: 00:15:39

Health: 0/32       AC:  3    Str:  5    XL:     6   Next: 60%
Magic:  12/16      EV: 13    Int: 22    God:    Sif Muna [......]
Gold:   218        SH:  0    Dex: 15    Spells: 8/15 levels left

rFire   . . .      SeeInvis +   d - +0 dagger
rCold   . . .      Faith    .   (no shield)
rNeg    + . .      Spirit   .   a - +0 robe
rPois   .          Reflect  .   (no helmet)
rElec   .          Harm     .   (no cloak)
rCorr   .          Rampage  .   k - +0 pair of gloves
Will    .....                   (no boots)
Stlth   +++.......              (no amulet)
HPRegen 0.10/turn               e - ring of see invisible
MPRegen 0.15/turn               h - ring of positive energy

@: lethally poisoned (0 -> -3)
A: no striking features
a: Renounce Religion


You were on level 4 of the Dungeon.
You worshipped Sif Muna.
Sif Muna was noncommittal.
You visited 1 branch of the dungeon, and saw 5 of its levels.

You collected 218 gold pieces.

Inventory:

Hand Weapons
 d - a +0 dagger (weapon)
Armour
 a - a +0 robe (worn)
 k - a +0 pair of gloves (worn)
Jewellery
 e - a ring of see invisible (left hand)
 h - a ring of positive energy (right hand)
 m - a ring of wizardry
Scrolls
 g - 2 scrolls of identify {unknown}
 i - 2 scrolls of fear {unknown}
 l - a scroll of teleportation {unknown}
 n - a scroll of enchant armour {unknown}
 o - a scroll of holy word {unknown}
Potions
 b - a potion of flight {unknown}
 c - 2 potions of degeneration {unknown}
 f - a potion of heal wounds {unknown}
 j - 3 potions of curing {unknown}
 p - a potion of lignification {unknown}


   Skills:
 + Level 4.3 Dodging
 + Level 4.5 Stealth
 * Level 5.3 Spellcasting
 + Level 6.7 Necromancy
 + Level 1.0 Invocations


You had 8 spell levels left.
You knew the following spells:

 Your Spells              Type           Power      Damage    Failure   Level
a - Pain                  Necr           100%       1d9       1%          1
b - Animate Skeleton      Necr           70%        N/A       1%          1
c - Agony                 Necr           35%        N/A       17%         5

Your spell library contained the following spells:

 Spells                   Type           Power      Damage    Failure   Level
 Vampiric Draining        Necr           17%        2d8       1%          3
 Animate Dead             Necr           17%        N/A       6%          4
 Excruciating Wounds      Necr           17%        N/A       17%         5


Dungeon Overview and Level Annotations

Branches:
Dungeon (5/15)
 Temple: D:4-7

Altars:
Dithmenos
Qazlal
Sif Muna

Shops:
D:3 [


Message History

Confirm with . or Enter, or press ? or * to list all spells.
Aiming: Pain (safe; 1% risk of failure)
Press: ? - help, Shift-Dir - straight line, f - scorpion
Aim: a scorpion (chance to affect: 84%)
The scorpion barely resists.
The scorpion barely misses you.
Casting: Pain (safe; 1% risk of failure)
Confirm with . or Enter, or press ? or * to list all spells.
Aiming: Pain (safe; 1% risk of failure)
Press: ? - help, Shift-Dir - straight line, f/p - scorpion
Aim: a scorpion (chance to affect: 84%)
The scorpion writhes in agony!
The scorpion closely misses you. The scorpion stings you!
You are poisoned.
The scorpion poisons you!
Unknown command.
Aiming: Pain (safe; 1% risk of failure)
Press: ? - help, Q - select action, (/) - cycle Shift-Dir - straight line, f/p - scorpion
Aim: a scorpion (heavily wounded, chance to affect: 84%)
The scorpion writhes in agony.
You feel very sick. The scorpion closely misses you.
Aiming: Pain (safe; 1% risk of failure)
Press: ? - help, Q - select action, (/) - cycle Shift-Dir - straight line, f/p - scorpion
Aim: a scorpion (heavily wounded, chance to affect: 84%)
The scorpion writhes in agony.
You feel sick. The scorpion stings you.
* * * LOW HITPOINT WARNING * * *
You feel sick.
Aiming: Pain (safe; 1% risk of failure)
Press: ? - help, Q - select action, (/) - cycle Shift-Dir - straight line, f/p - scorpion
Aim: a scorpion (heavily wounded, chance to affect: 84%)
The scorpion writhes in agony!
* * * LOW HITPOINT WARNING * * *
You feel sick. The scorpion stings you.
* * * LOW HITPOINT WARNING * * *
Unknown command.
Unknown command.
Unknown command.
Unknown command.
You die...

........##
#(########.......##
........# #.#..##
#####....# ...[...##
##.....### #...##
.......# #........##
##...# ##....##
#.....<...# #.O###
##...# #.........## #.o#
##### #.....>[...###.##
# #.#...s....##..# ##
##.##..@...###..# .#
######..####...####.##
.# #...##..# ##### #..#
.# ##.......# ##..# ##
#........## #..## #
##.........### #..# #
#.........)..## ##..#
###...........[.####..##
##............#.[.##..#


You could see a scorpion.

Vanquished Creatures
  A bullfrog (D:4)
  A scorpion (D:4)
  An orc priest (D:4)
  An iguana (D:4)
  2 orc wizards (D:4)
  4 gnolls (D:2)
  4 adders
  An adder skeleton (D:4)
  A worm (D:4)
  2 dart slugs
  5 ball pythons
  14 endoplasms
  A giant cockroach (D:4)
  12 goblins
  11 hobgoblins
  2 jackals (D:4)
  3 quokkas
  5 bats
  5 frilled lizards
  4 kobolds
  2 rats (D:3)
82 creatures vanquished.

Vanquished Creatures (collateral kills)
  A hound skeleton (D:4)
  A bat (D:1)
  A jackal (D:4)
  A frilled lizard (D:2)
  2 rats (D:2)
6 creatures vanquished.

Grand Total: 88 creatures vanquished

Notes
Turn   | Place    | Note
-------+----------+-------------------------------------------
     0 | D:1      | heikuro the Deep Elf Necromancer began the quest for the
                  | Orb.
     0 | D:1      | Reached XP level 1. HP: 10/10 MP: 6/6
    11 | D:1      | Learned a level 1 spell: Animate Skeleton
   582 | D:1      | Reached skill level 5 in Necromancy
   837 | D:1      | Reached XP level 2. HP: 12/15 MP: 4/8
  1326 | D:2      | Reached XP level 3. HP: 14/19 MP: 7/9
  1671 | D:2      | Found a shadowy altar of Dithmenos.
  2399 | D:2      | Reached XP level 4. HP: 21/24 MP: 7/11
  3014 | D:2      | Reached skill level 6 in Necromancy
  3232 | D:3      | Found a faded altar of an unknown god.
  3365 | D:3      | Found Piot's Antique Armour Shoppe.
  4097 | D:3      | Reached XP level 5. HP: 25/28 MP: 9/13
  4315 | D:4      | Learned a level 5 spell: Agony
  4576 | D:4      | Noticed an ogre
  5256 | D:4      | Reached XP level 6. HP: 26/32 MP: 8/15
  5385 | D:4      | Found a shimmering blue altar of Sif Muna.
  5477 | D:4      | Became a worshipper of Sif Muna the Loreminder
  5760 | D:4      | Found a stormy altar of Qazlal.
  5799 | D:4      | Reached skill level 5 in Spellcasting
  6060 | D:5      | Entered Level 5 of the Dungeon
  6069 | D:4      | Reached skill level 1 in Invocations
  6292 | D:4      | HP: 1/32 [scorpion (4)]
  6293 | D:4      | Succumbed to a scorpion's poison

Illustrated notes

Levels and vault maps discovered:
D:1:      grunt_arrival_lava_bath, layout_basic
D:2:      layout_loops_cross, basic_altar
D:3:      layout_basic, hellmonk_ecumenical_altar_crossroads, serial_shops,
          shop, serial_co_window_serial, co_window_corner_a, co_window_paths_a,
          co_window_paths_a, co_window_paths_a, co_window_paths_a,
          co_window_corner_a, co_window_broadway_c, co_window_corner_b,
          co_window_cross_3, co_window_of_opportunity_b,
          co_window_of_opportunity_b, glass_columns_a, glass_columns_a,
          glass_columns_a, glass_columns_a, glass_columns_b
D:4:      layout_cave_pods, marbit_many_paths, lemuel_crystal_altar
D:5:      layout_loops_ring, mainiacjoe_overflow_chevrons,
          hangedman_abyss_or_decor_jellyfish_corner, grunt_ministairs_7,
          uniq_sigmund

Skill      XL: |  1  2  3  4  5  6 |
---------------+-------------------+-----
Necromancy     | 5 6 |  6.7
Stealth        | 3 4 |  4.5
Dodging        | 3 4 |  4.3
Spellcasting   | 4 5 |  5.3
Invocations    | 1 |  1.0

Action                   |  1- 3 |  4- 6 || total
-------------------------+-------+-------++-------
Melee: Unarmed           |     1 |       ||     1
       Dagger            |     4 |    26 ||    30
 Cast: Pain              |    63 |   117 ||   180
       Animate Skeleton  |    10 |    14 ||    24
Armor: Robe              |     5 |     9 ||    14
Dodge: Dodged            |     6 |    46 ||    52

Table legend: (Time is in decaauts)
 A = Elapsed time spent in this place.
 B = Non-inter-level travel time spent in this place.
 C = Inter-level travel time spent in this place.
 D = Time resting spent in this place.
 E = Time spent auto-exploring this place.
 F = Levels seen in this place.
 G = Mean time per level.
                   A        B        C        D        E       F      G
               +--------+--------+--------+--------+--------+-----+--------+
         Total |   6295 |   6077 |    218 |   2383 |   2477 |   5 | 1259.0 |
       Dungeon |   6295 |   6077 |    218 |   2383 |   2477 |   5 | 1259.0 |
               +--------+--------+--------+--------+--------+-----+--------+

Top non-repeatable levels by time:
     D:4: 1816 daAuts
     D:1: 1601 daAuts
     D:2: 1500 daAuts
     D:3: 1371 daAuts
     D:5: 5 daAuts
